AoeStats
← AxingQuestions

Nomad

507387645Analyzed
4v4 RM · 14d ago on Sep 18, 2026· 23m 23s· 8 players
Game mode
Random Map
Map size
231×231
Population
200
Speed
Normal
Resources
Standard
Victory
Conquest
Starting age
Dark Age
Ending age
Imperial Age
RankedLock teamsTeams togetherTeam positionsShared explorationLock speedFull tech treeHidden civsTurbo modeCheats
Victory
Defeat
🇨🇱 Vietnamese · Chile
1405
+12
🇲🇽 Koreans · Mexico
1381
+12
🇺🇸 Vikings · United States
1269
+18
🇲🇽 Spanish · Mexico
1264
+17
🇺🇾 Italians · Uruguay
1327
-16
🇹🇼 Mongols · Taiwan
1297
-15
🇨🇳 Koreans · China
1292
-14
🇺🇸 Malay · United States
1279
-14
Im a Smurf
15:02 Feudal Age
19:48 Castle Age
Akane
4:30 Loom
15:12 Feudal Age
18:40 Double-Bit Axe
18:40 Horse Collar
21:09 Castle Age
20:16 Stone Mining
21:48 Fletching
Kempachi
7:47 Loom
16:19 Feudal Age
23:21 Castle Age
23:15 Fletching
thomas89671173
5:43 Loom
6:04 Loom
13:25 Feudal Age
14:25 Town Watch
16:08 Double-Bit Axe
18:31 Castle Age
17:07 Fletching
17:06 Fishing Lines
20:49 Wheelbarrow
20:08 Gillnets
21:34 Bow Saw
23:00 Horse Collar
AxingQuestions
10:32 Loom
13:13 Feudal Age
18:13 Town Watch
19:48 Gold Mining
19:45 Double-Bit Axe
19:56 Fletching
21:36 Horse Collar
Dark Gundam
5:47 Loom
13:25 Feudal Age
18:19 Castle Age
16:28 Double-Bit Axe
18:09 Gold Mining
21:06 Fletching
Caronte
5:16 Loom
12:32 Feudal Age
17:28 Castle Age
20:13 Husbandry
GunsNroses
5:01 Loom
16:41 Feudal Age
17:27 Man-at-Arms
18:46 Double-Bit Axe
20:04 Arson
Connection lost

Rejoining the realm…

Still unreachable

The connection could not be restored.

Session expired

The server has moved on; the page needs a fresh start.